 Dungeon Crawl Stone Soup version 0.27-a0-760-gc38aae387d (webtiles) character file.

Game seed: 17918531990550313250

219 Lanoc the Cudgeller (level 5, -13/28 HPs)
             Began as a Vine Stalker Chaos Knight on Mar 25, 2021.
             Was a Plaything of Xom.
             Killed from afar by a steam dragon (21 damage)
             ... with a ball of steam
             ... on level 3 of the Dungeon.
             The game lasted 00:05:01 (2953 turns).

Lanoc the Cudgeller (Vine Stalker Chaos Knight)     Turns: 2953, Time: 00:05:02

Health: -13/28     AC:  6    Str: 15    XL:     5   Next: 96%
Magic:  0/6        EV: 12    Int: 12    God:    Xom [...*..]
Gold:   127        SH:  0    Dex: 14    Spells: 3/4 levels left

rFire    . . .     SeeInvis .   a - +0 mace (chaos)
rCold    . . .     Faith    .   (no shield)
rNeg     . . .     Spirit   +   b - +2 leather armour
rPois    .         Reflect  .   c - +0 helmet
rElec    .         Harm     .   (no cloak)
rCorr    .         Rampage  .   (no gloves)
Will     .....                  (no boots)
Stlth    +.........             (no amulet)
HPRegen  1.09/turn              (no ring)
MPRegen  0.10/turn              (no ring)

@: no status effects
A: fangs 2, regeneration 1, magic shield, antimagic bite, no potion heal 3
a: Renounce Religion


You were on level 3 of the Dungeon.
You worshipped Xom.
You were a favourite toy of Xom.
You visited 1 branch of the dungeon, and saw 3 of its levels.

You collected 127 gold pieces.

Inventory:

Hand Weapons
 a - a +0 mace of chaos (weapon)
Armour
 b - a +2 leather armour (worn)
 c - a +0 helmet (worn)
Scrolls
 e - 5 scrolls of identify {unknown}
 h - 3 scrolls of teleportation {unknown}
 i - a scroll of holy word {unknown}
 k - a scroll of magic mapping {unknown}
Potions
 d - 5 potions of heal wounds {unknown}
 f - a potion of invisibility {unknown}
 g - 2 potions of lignification {unknown}
 j - a potion of curing {unknown}
 l - a potion of might {unknown}


   Skills:
 + Level 3.5 Fighting
 * Level 4.2 Maces & Flails
 + Level 2.5 Armour
 + Level 2.1 Dodging


You had 3 spell levels left.
You knew the following spells:

 Your Spells              Type           Power      Damage    Failure   Level
a - Apportation           Tloc           0%         N/A       38%         1

Your spell library contained the following spells:

 Spells                   Type           Power      Damage    Failure   Level
 Animate Skeleton         Necr           0%         N/A       38%         1
 Corona                   Hex            0%         N/A       38%         1
 Magic Dart               Conj           0%         1d3       38%         1
 Summon Small Mammal      Summ           0%         N/A       38%         1


Dungeon Overview and Level Annotations

Branches:
Dungeon (3/15)

Altars:
Kikubaaqudgha
Sif Muna
Trog
Uskayaw
Vehumet


Innate Abilities, Weirdness & Mutations

You have extremely sharp teeth.
Your natural rate of healing is unusually fast.
When hurt, damage is shared between your health and your magic reserves.
Your bite disrupts and absorbs the magic of your enemies.
Potions cannot restore your health.


Message History

You closely miss the steam dragon.
You bite the steam dragon, but do no damage.
The steam dragon closely misses you. The steam dragon barely misses you.
You barely miss the steam dragon. Your bite misses the steam dragon.
Xom smirks.
You feel aware of your surroundings. The steam dragon bites you!
The steam dragon closely misses you.
You hit the steam dragon. You burn the steam dragon.
Your bite misses the steam dragon.
The steam dragon is lightly wounded.
The steam dragon barely misses you. The steam dragon closely misses you.
The steam dragon misses you. The steam dragon closely misses you.
You hit the steam dragon. You burn the steam dragon.
You bite the steam dragon, but do no damage.
The steam dragon is moderately wounded.
The steam dragon barely misses you. The steam dragon claws you.
You closely miss the steam dragon. You bite the steam dragon.
You drain its power.
You feel invigorated.
The steam dragon is heavily wounded.
The steam dragon bites you.
The steam dragon claws you but does no damage.
You hit the steam dragon.
You bite the steam dragon, but do no damage.
The steam dragon is heavily wounded.
The steam dragon bites you but does no damage.
The steam dragon closely misses you.
You barely miss the steam dragon. Your bite misses the steam dragon.
The steam dragon is heavily wounded.
The steam dragon bites you! The steam dragon barely misses you.
You are too injured to fight recklessly!
You closely miss the steam dragon.
The steam dragon is heavily wounded.
The steam dragon bites you.
* * * LOW HITPOINT WARNING * * *
The steam dragon closely misses you. The steam dragon breathes steam at you.
The ball of steam hits you!!
Ouch! That really hurt!
You die...
Xom bursts into laughter!

#.#*******#.......##.
#.#,, ,, .........##.
#.# **** ########.##.
#.# , ,,,,,,, ,,#.##.
#.# **** * *,,,.....
####'##########* ,#.##.
#..............*,* #....
#.......†......*,*,...#.
#......@.......,,*,.. #.
#......D....$..,, ,.,,+,
#..............,,* ,,, ,
#..............,,*,, *
#..............,,*,****
#..............,,* ** *,
#.............. ,* , ,,
#..............,,,,, , ,
, ,,,, , ,**, ***


You could see a steam dragon (catching breath).

Vanquished Creatures
  A howler monkey (D:3)
  3 gnolls (D:3)
  An adder (D:2)
  2 worms (D:2)
  3 dart slugs
  5 orcs (D:3)
  2 ball pythons (D:3)
  5 bats
  5 endoplasms
  A giant cockroach (D:1)
  5 goblins
  4 hobgoblins
  5 jackals (D:1)
  3 quokkas
  2 frilled lizards
  8 kobolds
  4 rats
59 creatures vanquished.

Vanquished Creatures (collateral kills)
  An ogre (D:3)
1 creature vanquished.

Vanquished Creatures (others)
  A gnoll (D:3)
1 creature vanquished.

Grand Total: 61 creatures vanquished

Notes
Turn   | Place    | Note
-------+----------+-------------------------------------------
     0 | D:1      | Lanoc the Vine Stalker Chaos Knight began the quest for the
                  | Orb.
     0 | D:1      | Reached XP level 1. HP: 11/11 MP: 2/2
   231 | D:1      | Reached skill level 1 in Dodging
   231 | D:1      | Reached XP level 2. HP: 16/16 MP: 3/3
   238 | D:1      | XOM: butterfly on damage
   316 | D:1      | You fall into a shaft and drop 1 floor!
   329 | D:2      | Reached skill level 3 in Maces & Flails
   369 | D:2      | Learned a level 1 spell: Apportation
   460 | D:2      | XOM: butterfly on damage
   507 | D:2      | XOM: silly message
   514 | D:2      | XOM: 2-stop teleportation journey
   552 | D:2      | XOM: 3-stop teleportation journey
   589 | D:2      | XOM: draining
   631 | D:2      | XOM: summons 2 hostile demons
   760 | D:1      | XOM: 5-stop teleportation journey
   797 | D:1      | XOM: summons 2 hostile shadow creatures
   868 | D:1      | XOM: give mutations
   868 | D:1      | Gained mutation: You are agile. (Dex +2) [Xom's mischief]
   868 | D:1      | Lost mutation: You are agile. (Dex +2) [Xom's mischief]
   952 | D:1      | XOM: 4-stop teleportation journey
  1115 | D:1      | Reached XP level 3. HP: 17/17 MP: 4/4
  1290 | D:1      | XOM: polymorph giant cockroach -> endoplasm
  1701 | D:2      | XOM: draining
  1868 | D:2      | XOM: scenery: 1 doors close
  1967 | D:2      | Gained mutation: Your natural rate of healing is unusually
                  | fast. [Vine Stalker growth]
  1967 | D:2      | Reached XP level 4. HP: 21/21 MP: 5/5
  1999 | D:2      | XOM: silly message
  2270 | D:2      | Found a radiant altar of Vehumet.
  2270 | D:2      | Found an ancient bone altar of Kikubaaqudgha.
  2272 | D:2      | Found a shimmering blue altar of Sif Muna.
  2279 | D:2      | Identified Vehumet's Grimoire of Confrontation
  2396 | D:2      | Found a bloodstained altar of Trog.
  2503 | D:3      | Found a hide-covered altar of Uskayaw.
  2506 | D:3      | Noticed a +0 hand axe
  2506 | D:3      | Noticed a +0 dagger
  2512 | D:3      | XOM: butterfly on damage
  2538 | D:3      | XOM: enchant monster (bad)
  2563 | D:3      | XOM: butterfly on damage
  2573 | D:3      | XOM: confuse monster(s)
  2598 | D:3      | XOM: destruction
  2600 | D:3      | XOM: confuse monster(s)
  2720 | D:3      | Noticed an ogre
  2722 | D:3      | XOM: summons 4 friendly demons
  2725 | D:3      | HP: 1/24 [ogre/+0 giant club (23)]
  2725 | D:3      | Killed an ogre
  2726 | D:3      | Reached skill level 4 in Maces & Flails
  2726 | D:3      | Reached XP level 5. HP: 1/28 MP: 1/6
  2944 | D:3      | Noticed a steam dragon
  2944 | D:3      | a bat changed into a steam dragon
  2947 | D:3      | XOM: divination: magic mapping
  2953 | D:3      | Killed from afar by a steam dragon

Illustrated notes

Levels and vault maps discovered:
D:1:      amcnicky_arrival_double_pillar, layout_basic,
          chequers_serial_rivers_small_b
D:2:      layout_basic, grunt_temple_overflow_magic_moments,
          nicolae_overflow_hidden_temple
D:3:      layout_basic, dancing_weapons_uskayaw,
          minmay_fractal_squares_gapless_5

Skill      XL: |  1  2  3  4 |
---------------+-------------+-----
Dodging        | 1 2 |  2.1
Maces & Flails | 3 4 |  4.2
Fighting       | 3 |  3.5
Armour         | 2 |  2.5

Action                   |  1- 3 |  4- 6 || total
-------------------------+-------+-------++-------
Melee: Mace              |   111 |    70 ||   181
       Bite              |    28 |    22 ||    50
 Stab: Confused          |     1 |       ||     1
       Paralysed         |       |     1 ||     1
       Sleeping          |       |     1 ||     1
Armor: Leather armour    |    47 |    21 ||    68
Dodge: Dodged            |    71 |    46 ||   117

Table legend: (Time is in decaauts)
 A = Elapsed time spent in this place.
 B = Non-inter-level travel time spent in this place.
 C = Inter-level travel time spent in this place.
 D = Time resting spent in this place.
 E = Time spent auto-exploring this place.
 F = Levels seen in this place.
 G = Mean time per level.
                   A        B        C        D        E       F      G
               +--------+--------+--------+--------+--------+-----+--------+
         Total |   2995 |   2964 |     31 |      0 |   2432 |   3 |  998.3 |
       Dungeon |   2995 |   2964 |     31 |      0 |   2432 |   3 |  998.3 |
               +--------+--------+--------+--------+--------+-----+--------+

Top non-repeatable levels by time:
     D:2: 1329 daAuts
     D:1: 1159 daAuts
     D:3: 507 daAuts
